 Seeded DCSS version 0.32-a0-21-gdaabb59 (webtiles) character file.

Game seed: 4402357109279753055 (custom seed)

440 lyrin the Insei (level 7, -6/35 HPs)
             Began as a Vine Stalker Hunter on Jan 17, 2024.
             Splashed by a jelly's acid (7 damage)
             ... on level 5 of the Dungeon.
             The game lasted 00:05:39 (3779 turns).

lyrin the Insei (Vine Stalker Hunter)               Turns: 3779, Time: 00:05:41

Health: -6/35      AC: -9    Str: 16    XL:     7   Next: 2%
Magic:  0/17       EV: 11    Int:  9    God:
Gold:   199        SH:  4    Dex: 17    Spells: 6/6 levels left

rFire   . .          .
                       - Unarmed
rCold   . . .        m - +0 buckler
rNeg    . . .        j - +0 ring mail
rPois   .            (no helmet)
rElec   .            (no cloak)
rCorr   .            q - +0 pair of gloves
SInv    .            (no boots)
Will    .....        (no amulet)
Stlth   +            g - ring of magical power
HPRegen 1.05/turn    (no ring)
MPRegen 0.15/turn

%: guardian spirit
@: corroded
A: fangs 2, regeneration 1, magic shield, antimagic bite, no potion heal 2
a: no special abilities


You were on level 5 of the Dungeon.
You visited 1 branch of the dungeon, and saw 5 of its levels.

You collected 199 gold pieces.

Inventory:

Hand Weapons
 a - a +0 shortbow
Missiles
 i - 6 datura-tipped darts (quivered)
 l - 9 poisoned darts
 w - 5 curare-tipped darts
Armour
 c - a +0 leather armour
 j - a +0 ring mail (worn)
 m - a +0 buckler (worn)
 q - a +0 pair of gloves (worn)
Magical Staves
 o - a staff of fire
Jewellery
 g - a ring of magical power (left hand)
Wands
 p - a wand of mindburst (19)
 z - a wand of charming (7)
Scrolls
 b - a scroll of butterflies
 d - 7 scrolls of identify {unknown}
 e - a scroll of blinking {unknown}
 h - 4 scrolls of poison {unknown}
 r - a scroll of enchant weapon {unknown}
 s - a scroll of brand weapon {unknown}
 t - a scroll of enchant armour {unknown}
 u - a scroll of fear {unknown}
 y - a scroll of revelation {unknown}
Potions
 f - a potion of heal wounds {unknown}
 k - 2 potions of might {unknown}
 n - a potion of lignification {unknown}
 v - a potion of enlightenment {unknown}
 x - a potion of curing {unknown}


   Skills:
 + Level 2.1 Fighting
 - Level 3.6 Ranged Weapons
 + Level 1.8 Armour
 + Level 2.3 Dodging
 - Level 1.5 Stealth
 + Level 1.0 Shields
 * Level 5.6 Unarmed Combat


You had 6 spell levels left.
You didn't know any spells.
Your spell library was empty.

Dungeon Overview and Level Annotations

Branches:
Dungeon (5/15)
 Temple: D:4-7

Altars:
Qazlal
Yredelemnul


Innate Abilities, Weirdness & Mutations

You have extremely sharp teeth.
Your natural rate of healing is unusually fast.
When hurt, damage is shared between your health and your magic reserves.
Your bite disrupts and absorbs the magic of your enemies.
Potions cannot restore your health.


Message History

The jelly completely misses you.
You hit the jelly.
Your hands burn!
You bite the jelly, but do no damage.
The jelly is heavily wounded.
You hit the jelly but do no damage.
Your hands burn!
You bite the jelly. You drain its power.
You feel invigorated.
The jelly is heavily wounded.
The jelly hits you.
You are splashed with acid!
You hit the jelly but do no damage.
Your hands burn!
The jelly is heavily wounded.
The jelly hits you.
You are splashed with acid!
You are too injured to fight recklessly!
You hit the jelly. The acid corrodes you!
Your hands burn!
The jelly is severely wounded.
The jelly hits you. The acid corrodes you!
You are splashed with acid!
* * * LOW HITPOINT WARNING * * *
You completely miss the jelly.
The jelly is severely wounded.
The jelly hits you.
* * * LOW HITPOINT WARNING * * *
The acid corrodes you!
You are splashed with acid!
* * * LOW HITPOINT WARNING * * *
Unknown command.
Aiming: Mindburst
Press: ? - help, Shift-Dir - straight line, f - you
Okay, then.
Unknown command.
Okay, then.
Aiming: Charm
Press: ? - help, Shift-Dir - straight line, f - jelly
Aim: a jelly (severely wounded, chance to affect: 57%)
The jelly resists with significant effort.
The jelly misses you.
Aiming: Charm
Press: ? - help, Shift-Dir - straight line, f/p - jelly
Aim: a jelly (severely wounded, chance to affect: 57%)
The jelly resists with significant effort.
The jelly hits you.
* * * LOW HITPOINT WARNING * * *
You are splashed with acid!
You die...

#### ..# #J# #. ##+##
#.###@###.... #...##
#..........# .....##
#####.####.# ....<.##
##.###.##
....†..####...#...###.
.......'...............
.......####........####
..<...## ##.#.....#
.....## ###....##


You could see a jelly.

Vanquished Creatures
  A black bear (D:4)
  A scorpion (D:5)
  A bombardier beetle (D:4)
  Jessica (D:2)
  Ijyb (D:3)
  A sleepcap (D:4)
  3 gnolls
  5 adders
  2 ufetubi (D:5)
  4 dart slugs
  A ribbon worm (D:3)
  3 orcs
  4 ball pythons
  11 endoplasms
  5 giant cockroaches
  3 hobgoblins (D:1)
  2 jackals (D:3)
  4 quokkas
  7 bats
  3 frilled lizards (D:1)
  8 goblins
  7 kobolds
  9 rats
87 creatures vanquished.

Notes
Turn   | Place    | Note
-------+----------+-------------------------------------------
     0 | D:1      | lyrin the Vine Stalker Hunter began the quest for the Orb.
     0 | D:1      | Reached XP level 1. HP: 11/11 MP: 2/2
    56 | D:1      | Reached skill level 1 in Unarmed Combat
   108 | D:1      | Reached XP level 2. HP: 15/15 MP: 3/3
   401 | D:1      | Reached skill level 2 in Unarmed Combat
   401 | D:1      | Reached XP level 3. HP: 18/18 MP: 2/4
  1042 | D:2      | Noticed Jessica
  1356 | D:2      | Found a stormy altar of Qazlal.
  1373 | D:2      | Reached XP level 4. HP: 23/23 MP: 5/5
  1428 | D:2      | Killed Jessica
  1429 | D:2      | Reached skill level 3 in Unarmed Combat
  1630 | D:2      | Reached skill level 1 in Armour
  1801 | D:3      | Reached XP level 5. HP: 26/26 MP: 6/6
  1851 | D:3      | Noticed Ijyb
  1869 | D:3      | Killed Ijyb
  1948 | D:3      | Reached skill level 4 in Unarmed Combat
  2003 | D:3      | Found a basalt altar of Yredelemnul.
  2435 | D:4      | Noticed a black bear
  2912 | D:4      | Killed a black bear
  2913 | D:4      | Reached skill level 5 in Unarmed Combat
  2913 | D:4      | Reached XP level 6. HP: 23/30 MP: 7/7
  3699 | D:5      | Entered Level 5 of the Dungeon
  3706 | D:5      | Reached skill level 1 in Shields
  3755 | D:5      | Reached XP level 7. HP: 35/35 MP: 8/8
  3777 | D:5      | HP: 1/35 [acid (6)]
  3779 | D:5      | Splashed by a jelly's acid

Illustrated notes

Levels and vault maps discovered:
D:1:      sevenhm_arrival_forest_fort_small_6, layout_basic, minmay_hexomino_f4
D:2:      layout_basic, basic_altar, uniq_jessica
D:3:      layout_loops_ring, mainiacjoe_overflow_brackets, uniq_ijyb
D:4:      kennysheep_big_flooded_room, layout_basic
D:5:      layout_loops_corners, nicolae_gozag_zags_fifth_avenue,
          gammafunk_ghost_nasty_kobolds, serial_undead, serial_undead_e,
          serial_undead_d, serial_undead_e, serial_undead_d, serial_undead_b

Skill      XL: |  1  2  3  4  5  6 |
---------------+-------------------+-----
Unarmed Combat | 1 2 3 5 |  5.6
Fighting       | 2 |  2.1
Armour         | 1 |  1.8
Dodging        | 2 |  2.3
Shields        | 1 |  1.0
Ranged Weapons | |  3.6
Stealth        | |  1.5

Action                     |  1- 3 |  4- 6 |  7- 9 || total
---------------------------+-------+-------+-------++-------
  Melee: Unarmed           |   127 |   180 |     9 ||   316
         Bite              |    46 |    56 |     5 ||   107
         Punch             |     1 |       |       ||     1
  Evoke: Wand              |       |       |     2 ||     2
   Stab: Distracted        |     1 |       |       ||     1
         Sleeping          |       |     1 |       ||     1
 Armour: Leather armour    |    70 |       |       ||    70
         Ring mail         |     9 |   105 |     8 ||   122
  Dodge: Dodged            |    76 |    98 |     3 ||   177
  Block: Buckler           |       |    50 |       ||    50

Table legend: (Time is in decaauts)
 A = Elapsed time spent in this place.
 B = Non-inter-level travel time spent in this place.
 C = Inter-level travel time spent in this place.
 D = Time resting spent in this place.
 E = Time spent auto-exploring this place.
 F = Levels seen in this place.
 G = Mean time per level.
                   A        B        C        D        E       F      G
               +--------+--------+--------+--------+--------+-----+--------+
         Total |   3769 |   3655 |    114 |    236 |   2509 |   5 |  753.8 |
       Dungeon |   3769 |   3655 |    114 |    236 |   2509 |   5 |  753.8 |
               +--------+--------+--------+--------+--------+-----+--------+

Top non-repeatable levels by time:
     D:1: 1105 daAuts
     D:4: 1068 daAuts
     D:3: 919 daAuts
     D:2: 597 daAuts
     D:5: 78 daAuts
